 Dungeon Crawl Stone Soup version 0.28.0-53-g5a82cb258f (webtiles) character file.

Game seed: 4790994421720050948

709 Ashen the Ogre Mage (level 7, -3/67 HPs)
             Began as an Ogre Ice Elementalist on June 18, 2022.
             Was an Initiate of Vehumet.
             Slain by Grinder (5 damage)
             ... on level 4 of the Dungeon.
             The game lasted 00:11:28 (3854 turns).

Ashen the Ogre Mage (Ogre Ice Elementalist)         Turns: 3854, Time: 00:11:28

Health: -3/67      AC:  3    Str: 13    XL:     7   Next: 68%
Magic:  8/15       EV: 10    Int: 18    God:    Vehumet [......]
Gold:   175        SH:  0    Dex:  9    Spells: 5/16 levels left

rFire   . . .      SeeInvis .   k - +1 mace (venom)
rCold   . . .      Faith    .   (no shield)
rNeg    . . .      Spirit   .   a - +0 robe
rPois   .          Reflect  .   (helmet restricted)
rElec   .          Harm     .   (no cloak)
rCorr   .          Rampage  .   (gloves unavailable)
Will    .....                   (boots unavailable)
Stlth   ++........              (no amulet)
HPRegen 0.21/turn               (no ring)
MPRegen 0.14/turn               (no ring)

@: freezing walls, flying
A: large, unfitting armour, tough skin 1
a: Renounce Religion


You were on level 4 of the Dungeon.
You worshipped Vehumet.
Vehumet was noncommittal.
You visited 2 branches of the dungeon, and saw 5 of its levels.

You collected 175 gold pieces.

Inventory:

Hand Weapons
 k - a +1 mace of venom (weapon)
 m - a +0 giant spiked club
Armour
 a - a +0 robe (worn)
Wands
 o - a wand of flame (13)
Scrolls
 b - a scroll of summoning {unknown}
 c - a scroll of teleportation
 d - a scroll of fog {unknown}
 f - a scroll of noise
 g - a scroll of enchant armour {unknown}
 i - a scroll of immolation {unknown}
 j - a scroll of vulnerability {unknown}
 l - a scroll of fear {unknown}
 q - 2 scrolls of identify {unknown}
Potions
 e - 2 potions of flight
 h - a potion of mutation {unknown}
 n - a potion of magic {unknown}
 p - a potion of berserk rage {unknown}


   Skills:
 + Level 3.5 Fighting
 + Level 1.8 Maces & Flails
 + Level 3.4 Dodging
 + Level 2.9 Stealth
 * Level 5.4 Spellcasting
 + Level 0.9 Conjurations
 + Level 4.6 Ice Magic


You had 5 spell levels left.
You knew the following spells:

 Your Spells              Type           Power      Damage    Failure   Level
a - Freeze                Ice            84%        1d10      1%          1
b - Frozen Ramparts       Ice            42%        1d6       6%          3
c - Ozocubu's Armour      Ice            21%        N/A       6%          3
d - Hailstorm             Conj/Ice       14%        3d5       38%         4

Your spell library contained the following spells:

 Spells                   Type           Power      Damage    Failure   Level
 Sublimation of Blood     Necr           4%         N/A       19%         2
 Petrify                  Tmut/Erth      4%         N/A       77%         4
 Irradiate                Conj/Tmut      3%         3d14      96%         5


Dungeon Overview and Level Annotations

Branches:
Dungeon (4/15)             Temple (1/1) D:4

Altars:
Ashenzari
Cheibriados
Elyvilon
Fedhas
Kikubaaqudgha
Makhleb
Nemelex Xobeh
Okawaru
Qazlal
Ru
Sif Muna
Trog
Uskayaw
Vehumet
Wu Jian
Xom
Zin
The Shining One

Annotations:
D:4 Dowan, Grinder


Innate Abilities, Weirdness & Mutations

You are too large for most types of armour.
You have tough skin. (AC +1)


Message History

Grinder resists.
The wall freezes Grinder.
Grinder hits you.
You writhe in agony.
You closely miss Grinder.
Grinder is severely wounded.
Grinder completely resists.
The wall freezes Grinder but does no damage.
Grinder gestures at you. Pain shoots through your body!
* * * LOW HITPOINT WARNING * * *
You hit Grinder but do no damage.
Grinder is severely wounded.
Grinder completely resists.
The wall freezes Grinder but does no damage.
Grinder hits you but does no damage.
Casting: Frozen Ramparts (dangerous; 6% risk of failure)
Confirm with . or Enter, or press ? or * to list all spells.
Aiming: Freeze (safe; 1% risk of failure)
Press: ? - help, Shift-Dir - straight line, f - Grinder
Aim: Grinder (severely wounded)
You freeze Grinder.
Grinder resists.
Grinder is severely wounded.
Grinder resists.
The wall freezes Grinder.
Grinder hits you!
* * * LOW HITPOINT WARNING * * *
You writhe in agony.
* * * LOW HITPOINT WARNING * * *
Unknown command.
It was a potion of flight.
You feel very buoyant.
You fly up into the air.
Grinder resists.
The wall freezes Grinder.
Grinder misses you.
You closely miss Grinder.
Grinder is almost dead.
Grinder completely resists.
The wall freezes Grinder but does no damage.
Grinder closely misses you.
Grinder completely resists.
The wall freezes Grinder but does no damage.
Grinder hits you.
* * * LOW HITPOINT WARNING * * *
You writhe in agony.
You die...

##....)...........
#..###.##.†(...... #.
#...#...........# #.
#....>#........##
#..###..†#.......##
#..##....#.......#
#.......>§....>....
#######..#..##......##
........@#...# #...
.........5..## #
......###..## ...##.
#### .# #


You could see Grinder.

Vanquished Creatures
  Duvessa (D:4)
  A black bear (D:4)
  A necrophage (D:4)
  An ogre (D:4)
  A scorpion (D:4)
  A hound (D:4)
  Jessica (D:2)
  An iguana (D:4)
  Natasha (thrice) (D:4)
  5 adders
  2 worms
  4 dart slugs
  6 ball pythons
  2 endoplasms
  19 giant cockroaches
  6 goblins
  4 hobgoblins
  9 kobolds
  4 quokkas
  4 bats
  5 frilled lizards (D:1)
  A rat (D:3)
82 creatures vanquished.

Notes
Turn   | Place    | Note
-------+----------+-------------------------------------------
     0 | D:1      | Ashen the Ogre Ice Elementalist began the quest for the
                  | Orb.
     0 | D:1      | Reached XP level 1. HP: 16/16 MP: 3/3
   349 | D:1      | Found a faded altar of an unknown god.
   379 | D:1      | Reached XP level 2. HP: 23/24 MP: 1/5
   821 | D:1      | Reached XP level 3. HP: 28/32 MP: 2/7
   826 | D:1      | Reached skill level 3 in Spellcasting
  1336 | D:2      | Learned a level 3 spell: Frozen Ramparts
  1340 | D:2      | Learned a level 3 spell: Ozocubu's Armour
  1495 | D:2      | Reached skill level 1 in Fighting
  1712 | D:2      | Reached XP level 4. HP: 40/41 MP: 1/8
  2088 | D:2      | Noticed Jessica
  2099 | D:2      | Killed Jessica
  2202 | D:3      | Reached XP level 5. HP: 39/49 MP: 2/10
  2951 | D:4      | Noticed Natasha
  2957 | D:4      | Killed Natasha
  2958 | D:4      | Reached skill level 4 in Spellcasting
  3094 | D:4      | Noticed Duvessa
  3141 | D:4      | Killed Duvessa
  3142 | D:4      | Reached XP level 6. HP: 40/59 MP: 9/12
  3158 | D:4      | Noticed Dowan
  3209 | D:4      | Noticed a black bear
  3220 | D:4      | Killed a black bear
  3221 | D:4      | Reached skill level 1 in Maces & Flails
  3282 | D:4      | Reached XP level 7. HP: 62/67 MP: 8/14
  3300 | D:4      | Learned a level 4 spell: Hailstorm
  3315 | D:4      | Reached skill level 5 in Spellcasting
  3374 | D:4      | Noticed Natasha
  3387 | D:4      | Killed Natasha
  3484 | D:4      | Found a staircase to the Ecumenical Temple.
  3484 | D:4      | Noticed Natasha
  3488 | D:4      | Killed Natasha
  3500 | Temple   | Entered the Ecumenical Temple
  3508 | Temple   | Became a worshipper of Vehumet
  3811 | D:4      | Noticed Grinder
  3831 | D:4      | Paralysed by Grinder for 4 turns
  3854 | D:4      | HP: 2/67 [Grinder (4)]
  3854 | D:4      | Slain by Grinder

Illustrated notes

Levels and vault maps discovered:
D:1:      lightli_molten_gateway, layout_basic,
          shapermc_ecumenical_altar_totnotflames, minmay_lizard_pond
D:2:      minmay_roachtagon, layout_loops_ring, grunt_decor_mini_mirrors,
          columned_hall_lemuel, uniq_jessica
D:3:      layout_basic
D:4:      minmay_angry_zag, layout_cave_pools,
          minmay_temple_entry_drinking_statues, mrwooster_statue_mirror,
          uniq_duvessa, uniq_sigmund, uniq_grinder, uniq_natasha
Temple:   regret_index_temple_mists

Skill      XL: |  1  2  3  4  5  6  7 |
---------------+----------------------+-----
Dodging        | 2 3 |  3.4
Spellcasting   | 3 4 5 |  5.4
Fighting       | 1 2 3 |  3.5
Stealth        | 2 |  2.9
Ice Magic      | 4 |  4.6
Maces & Flails | 1 |  1.8
Conjurations   | |  0.9

Action                   |  1- 3 |  4- 6 |  7- 9 || total
-------------------------+-------+-------+-------++-------
Melee: Unarmed           |    22 |    36 |       ||    58
       Mace              |       |    19 |    35 ||    54
       Punch             |       |       |     1 ||     1
 Cast: Freeze            |    48 |    32 |     5 ||    85
       Frozen Ramparts   |     2 |     4 |     8 ||    14
       Ozocubu's Armour  |     1 |     5 |     4 ||    10
  Use: Scroll            |       |       |     2 ||     2
       Potion            |       |       |     1 ||     1
 Stab: Sleeping          |     1 |       |       ||     1
       Distracted        |       |       |     1 ||     1
Armor: Robe              |    21 |    41 |    17 ||    79
Dodge: Dodged            |    24 |    39 |    16 ||    79
